 Dungeon Crawl Stone Soup version 0.29-a0-283-ga02f740833 (webtiles) character file.

Game seed: 5750664564585512779

221 bande the Covered (level 5, 0/33 HPs)
             Began as a Gargoyle Fighter on Mar 13, 2022.
             Slain by a river rat (7 damage)
             ... in a sewer.
             The game lasted 00:06:54 (3199 turns).

bande the Covered (Gargoyle Fighter)                Turns: 3199, Time: 00:06:55

Health: 0/33       AC: 14    Str: 19    XL:     5   Next: 98%
Magic:  14/14      EV:  7    Int:  9    God:
Gold:   150        SH:  4    Dex: 11    Spells: 4/4 levels left

rFire   . . .      SeeInvis .   a - +0 war axe
rCold   . . .      Faith    .   c - +0 buckler
rNeg    + . .      Spirit   .   j - +0 chain mail
rPois   ∞          Reflect  .   (no helmet)
rElec   +          Harm     .   h - +0 cloak
rCorr   .          Rampage  .   (no gloves)
Will    .....                   (no boots)
Stlth   ..........              (no amulet)
HPRegen 0.11/turn               i - ring of magical power
MPRegen 0.14/turn               (no ring)

@: very slow
A: sickness immunity, AC +4, negative energy resistance 1, electricity
resistance, torment resistance 1, petrification resistance
a: no special abilities


You were in a sewer.
You visited 1 branch of the dungeon, and saw 4 of its levels.
You also visited: Sewer.

You collected 150 gold pieces.

Inventory:

Hand Weapons
 a - a +0 war axe (weapon)
 n - a +0 morningstar
 p - a +0 war axe
Armour
 c - a +0 buckler (worn)
 h - a +0 cloak (worn)
 j - a +0 chain mail (worn)
Jewellery
 i - a ring of magical power (left hand)
Scrolls
 b - a scroll of identify
 k - 2 scrolls of fog
Potions
 d - 2 potions of might
 e - a potion of invisibility
 g - a potion of magic
 m - a potion of resistance


   Skills:
 + Level 4.2 Fighting
 + Level 4.0 Axes
 + Level 4.3 Armour
 + Level 3.9 Shields


You had 4 spell levels left.
You didn't know any spells.
Your spell library contained the following spells:

 Spells                   Type           Power      Damage    Failure   Level
 Magic Dart               Conj           0%         1d3       99%         1
 Sandblast                Erth           0%         2d4       99%         1
 Call Imp                 Summ           0%         N/A       100%        2
 Passwall                 Tmut/Erth      0%         N/A       100%        2
 Dazzling Flash           Conj/Hex       0%         N/A       100%        3
 Mephitic Cloud           Conj/Pois/Air  0%         N/A       100%        3
 Stone Arrow              Conj/Erth      0%         3d7       100%        3
 Agony                    Necr           0%         N/A       100%        5
 Silence                  Hex/Air        0%         N/A       100%        5


Dungeon Overview and Level Annotations

Branches:
Dungeon (4/15)             Temple (0/1) D:4           Sewer (1/1)

Altars:

Shops:
D:1 (   D:3 (   D:4 ??


Innate Abilities, Weirdness & Mutations

You are immune to sickness and miasma.
Your stone body is resilient. (AC +4)
You are immune to poison.
You resist negative energy. (rN+)
You are resistant to electric shocks. (rElec)
You are resistant to unholy torment.
You are immune to petrification.


Message History

You closely miss the river rat. The river rat closely misses you.
You hit the river rat.
The river rat is heavily wounded.
You hit the rat but do no damage. The river rat completely misses you.
The rat bites you but does no damage.
Unknown command.
You enter the shallow water.
Moving in this stuff is going to be slow.
You block the rat's attack. The rat barely misses you.
The river rat closely misses you.
Your unstable footing causes you to fumble your attack.
The rat barely misses you. The rat bites you but does no damage.
The river rat bites you but does no damage.
The rat bites you but does no damage. x3
Unknown command.
Unknown command.
You hit the rat but do no damage. You barely miss the river rat.
You slash the rat!
You kill the rat!
You hit the rat. The river rat barely misses you.
The rat splashes around in the water.
The rat bites you but does no damage.
Your unstable footing causes you to fumble your attack.
The river rat bites you but does no damage.
You block the rat's attack.
The rat splashes around in the water.
The river rat bites you!
* * * LOW HITPOINT WARNING * * *
Unknown command.
Your unstable footing causes you to fumble your attack.
You block the rat's attack.
The rat splashes around in the water.
The river rat closely misses you. The rat bites you but does no damage.
The rat barely misses you.
Unknown command.
Your unstable footing causes you to fumble your attack.
The river rat bites you.
* * * LOW HITPOINT WARNING * * *
The rat barely misses you. The rat bites you but does no damage.
Unknown command.
You barely miss the rat. You hit the rat. You hit the river rat.
The river rat bites you!
You die...

#########
###.≈.∩rr.###
#≈.≈.≈∩†@r≈.#
≈..≈≈#####.≈≈.≈#
≈.≈# ##.≈.# ≈.
.≈.# r ..# ≈# #


You could see a river rat and 2 rats.

Vanquished Creatures
  A hound (D:3)
  An orc priest (D:4)
  Terence (D:2)
  5 adders
  A river rat (D:4)
  A worm (D:4)
  4 dart slugs
  11 orcs
  6 ball pythons
  5 bats
  4 endoplasms
  3 giant cockroaches
  2 goblins (D:4)
  4 hobgoblins
  2 jackals (D:1)
  A quokka (D:1)
  6 frilled lizards
  7 kobolds
  3 rats
68 creatures vanquished.

Notes
Turn   | Place    | Note
-------+----------+-------------------------------------------
     0 | D:1      | bande the Gargoyle Fighter began the quest for the Orb.
     0 | D:1      | Reached XP level 1. HP: 14/14 MP: 1/1
     4 | D:1      | Noticed an electric eel
   120 | D:1      | Found Izeurep's Weapon Shoppe.
   288 | D:1      | Reached XP level 2. HP: 12/19 MP: 2/2
   989 | D:1      | Reached XP level 3. HP: 23/23 MP: 3/3
  1488 | D:2      | Noticed Terence
  1498 | D:2      | Killed Terence
  1749 | D:2      | Reached XP level 4. HP: 29/29 MP: 4/4
  2256 | D:2      | Found a faded altar of an unknown god.
  2516 | D:3      | Reached XP level 5. HP: 33/33 MP: 5/5
  2723 | D:3      | Found Xeukk's Antique Weapon Shop.
  3032 | D:4      | Found a staircase to the Ecumenical Temple.
  3116 | D:4      | Found Doedauf's Magic Scroll Shoppe.
  3130 | D:4      | Found Doge's Magic Scroll Emporium.
  3144 | D:4      | Found a glowing drain.
  3183 | Sewer    | Entered a sewer
  3199 | Sewer    | Slain by a river rat

Illustrated notes

Levels and vault maps discovered:
D:1:      arrival_aquarium_a, layout_basic, serial_shops,
          nicolae_shop_bloodbath_and_beyond, amcnicky_mini_rare_corridor_liquid
D:2:      layout_loops_cross, shapermc_ecumenical_altar_venn, uniq_terence
D:3:      layout_basic, serial_shops, shop, minmay_pentangle
D:4:      layout_rooms, minmay_temple_entry_sparse_star,
          cheibrodos_sewer_entry_sluice, serial_shops,
          nicolae_shop_temple_entry_statues_fountains,
          nicolae_shop_hallway_stairs, shop
Sewer:    sewer_hellmonk_bad_rat

Skill      XL: |  1  2  3  4  5 |
---------------+----------------+-----
Axes           | 2 3 4 |  4.0
Armour         | 4 |  4.3
Fighting       | 4 |  4.2
Shields        | |  3.9

Action                   |  1- 3 |  4- 6 || total
-------------------------+-------+-------++-------
Melee: War axe           |    67 |   145 ||   212
  Use: Scroll            |     5 |     6 ||    11
       Potion            |     1 |     2 ||     3
Armor: Scale mail        |    13 |       ||    13
       Chain mail        |    55 |    96 ||   151
Dodge: Dodged            |    28 |    71 ||    99
Block: Buckler           |    22 |    33 ||    55

Table legend: (Time is in decaauts)
 A = Elapsed time spent in this place.
 B = Non-inter-level travel time spent in this place.
 C = Inter-level travel time spent in this place.
 D = Time resting spent in this place.
 E = Time spent auto-exploring this place.
 F = Levels seen in this place.
 G = Mean time per level.
                   A        B        C        D        E       F      G
               +--------+--------+--------+--------+--------+-----+--------+
         Total |   3279 |   3135 |    144 |    230 |   2215 |   5 |  655.8 |
       Dungeon |   3261 |   3117 |    144 |    230 |   2215 |   4 |  815.2 |
         Sewer |     18 |     18 |      0 |      0 |      0 |   1 |   18.0 |
               +--------+--------+--------+--------+--------+-----+--------+

Top non-repeatable levels by time:
     D:1: 1441 daAuts
     D:2: 953 daAuts
     D:3: 667 daAuts
     D:4: 199 daAuts
   Sewer: 18 daAuts
